 Dungeon Crawl Stone Soup version 0.27-a0-1196-g3e9cee4cb2 (webtiles) character file.

Game seed: 9446695598792026015

19544 Azzok the Severer (level 12, -1/121 HPs)
             Began as a Demonspawn Berserker on May 29, 2021.
             Was a High Priest of Trog.
             Succumbed to a naga mage's splash of poison
             ... on level 3 of the Abyss.
             The game lasted 00:17:24 (12775 turns).

Azzok the Severer (Demonspawn Berserker)           Turns: 12775, Time: 00:17:24

Health: -1/121     AC: 27    Str: 30    XL:     12   Next: 37%
Magic:  2/12       EV:  8    Int:  8    God:    Trog [*****.]
Gold:   597        SH:  0    Dex: 15    Spells: 11/11 levels left

rFire    + . .     SeeInvis +   w - +0 broad axe
rCold    + . .     Faith    .   (no shield)
rNeg     . . .     Spirit   +   f - +0 plate armour
rPois    .         Reflect  .   (helmet unavailable)
rElec    .         Harm     .   l - scarf {rC+ rF+}
rCorr    .         Rampage  ∞   (no gloves)
Will     .....                  s - +3 pair of seven-league boots {Rampage+∞}
Stlth    ..........             A - amulet "Sanerul" {Spirit Str+3 Stlth+}
HPRegen  0.30/turn              e - +6 ring of strength
MPRegen  0.13/turn              j - +4 ring of protection

@: berserking (expiring), lethally poisoned (-1 -> -19), sanguine armoured, very
quick
A: antennae 3, spiny 2, sanguine armour 2, demonic magic 2, bedeviling
a: Renounce Religion, Berserk, Trog's Hand, Brothers in Arms


You were on level 3 of the Abyss.
You worshipped Trog.
Trog was extremely pleased with you.
You visited 1 branch of the dungeon, and saw 12 of its levels.
You visited the Abyss 1 time.

You collected 597 gold pieces.

Inventory:

Hand Weapons
 w - a +0 broad axe (weapon)
Missiles
 y - a throwing net
Armour
 f - a +0 plate armour (worn)
 l - a scarf of resistance (worn)
 s - the +3 pair of seven-league boots (worn) {Rampage+∞}
   (You found it on level 7 of the Dungeon)
Jewellery
 e - a +6 ring of strength (left hand)
 j - a +4 ring of protection (right hand)
 m - a ring of flight
 r - an amulet of reflection
 A - the amulet "Sanerul" (around neck) {Spirit Str+3 Stlth+}
   (You found it on level 5 of the Dungeon)

   [amulet of guardian spirit]

   It causes incoming damage to be divided between your reserves of health and
   magic.
   It affects your strength (+3).
   It makes you more stealthy.
Wands
 n - a wand of iceblast (18)
Scrolls
 a - a scroll of noise {unknown}
 d - 2 scrolls of enchant armour {unknown}
 g - 5 scrolls of teleportation
 h - 4 scrolls of identify
 k - 4 scrolls of enchant weapon
 o - 2 scrolls of blinking {unknown}
 p - 2 scrolls of amnesia {unknown}
 t - a scroll of brand weapon {unknown}
 u - 2 scrolls of vulnerability
 v - 3 scrolls of fog {unknown}
 B - a scroll of summoning {unknown}
Potions
 b - a potion of ambrosia
 i - 2 potions of curing
 q - a potion of might
 x - a potion of lignification
 C - a potion of magic {unknown}


   Skills:
 - Level 3.0 Fighting
 + Level 17.7 Axes
 - Level 1.7 Armour
 - Level 1.7 Dodging


You had 11 spell levels left.
You didn't know any spells.
Your spell library was empty.

Dungeon Overview and Level Annotations

Branches:
Dungeon (12/15)            Temple (0/1) D:4            Lair (0/6) D:8
    Orc (0/2) D:9

Altars:
Cheibriados
Fedhas
Okawaru
Qazlal
Ru
Sif Muna
Trog
Vehumet
Zin

Shops:
D:9 [


Innate Abilities, Weirdness & Mutations

You have a pair of large antennae on your head. (SInv)
You are mostly covered in sharp spines.
When seriously injured, your bleeding wounds create thick armour. (AC +9)
Spells you cast may paralyse nearby enemies.
Your maledictions are enhanced.


Message History

You barely miss the naga mage.
The naga mage is moderately wounded.
You slash the salamander!
* * * LOW HITPOINT WARNING * * *
You feel very sick.
You hit the naga mage but do no damage.
The naga mage is moderately wounded.
You slash the salamander!
You kill the salamander!
Trog accepts your kill.
* * * LOW HITPOINT WARNING * * *
You feel very sick. The naga mage spits poison at you.
The splash of poison hits you!
You are more poisoned.
* * * LOW HITPOINT WARNING * * *
You closely miss the naga mage.
The naga mage is moderately wounded.
* * * LOW HITPOINT WARNING * * *
You feel very sick. The naga mage is struck by your spines.
The naga mage barely misses you.
You hit the naga mage.
The naga mage is heavily wounded.
* * * LOW HITPOINT WARNING * * *
You feel very sick.
You slash the naga mage!
The naga mage is severely wounded.
* * * LOW HITPOINT WARNING * * *
You feel very sick. The naga mage is struck by your spines.
The naga mage hits you but does no damage.
You completely miss the naga mage.
The naga mage is almost dead.
* * * LOW HITPOINT WARNING * * *
You feel very sick.
The naga mage hits you with a +0 halberd.
* * * LOW MAGIC WARNING * * *;
* * * LOW HITPOINT WARNING * * *
You closely miss the naga mage.
The naga mage is almost dead.
You die...

▒·▒··▒ ··
▒ · · · ▒
▒{··▒ ▒
▒····▒·▒
▒( ▒▒ ·▒ ▒
▒·▒▒···▒
∩▒
▒···▒▒▒▒·▒
▒····N·▒
▒▒▒·▒@▒§▒
▒····)·▒
▒·▒··▒··▒
▒ ······▒
·▒▒·▒ ··▒
▒▒ ··· ▒▒▒
{ ▒▒▒·· ·
▒ ▒


You could see a naga mage (fast, catching breath).

Vanquished Creatures
  A cacodemon (Abyss:3)
  A boulder beetle (D:10)
  2 two-headed ogres (D:10)
  A sixfirhy (Abyss:3)
  An orc knight (D:10)
  The ghost of senseless the Conjurer, a novice GnCj of Vehumet (D:5)
  A cyclops (D:10)
  A salamander (Abyss:3)
  2 orange demons (Abyss:3)
  2 kobold demonologists
  An unseen horror (D:10)
  A yaktaur (shapeshifter) (D:10)
  2 trolls
  A hornet (D:8)
  A shadow (D:11)
  A wraith (D:10)
  A wyvern (D:7)
  19 yaks
  Grum (D:9)
  Eustachio (D:6)
  A basilisk (shapeshifter) (D:9)
  A basilisk (D:11)
  2 steam dragons
  A neqoxec (Abyss:3)
  4 wargs (D:9)
  2 acid dragons (D:10)
  7 vampire mosquitoes (D:11)
  3 water moccasins
  2 sky beasts
  2 black bears (D:6)
  6 orc warriors
  2 ice beasts (D:7)
  A necrophage (D:7)
  An ogre (D:5)
  5 centaurs
  3 wolves (D:9)
  3 phantoms
  4 kobold brigands
  3 bullfrogs
  A wyvern zombie (D:9)
  A wyvern skeleton (D:5)
  2 water moccasin skeletons (D:5)
  4 killer bees
  5 electric eels
  A howler monkey (D:10)
  A crimson imp (D:9)
  7 centaur zombies
  2 bullfrog zombies (D:5)
  3 orc priests
  A bullfrog skeleton (D:5)
  2 centaur skeletons (D:7)
  2 gnoll shamans
  10 hounds
  An iguana (D:5)
  10 orc wizards
  2 killer bee zombies
  A human simulacrum (D:11)
  2 mummies
  22 gnolls
  8 adders
  A white imp (D:9)
  2 worms
  2 dart slugs
  31 orcs
  8 ball pythons
  4 endoplasms
  4 giant cockroaches
  7 goblins
  5 hobgoblins
  11 jackals
  18 kobolds
  2 quokkas
  2 bats
  5 frilled lizards
  A hobgoblin zombie (D:7)
  A kobold zombie (D:7)
  2 orc zombies (D:7)
  7 rats
296 creatures vanquished.

Vanquished Creatures (others)
  A small abomination (Abyss:3)
  A human simulacrum (D:11)
  A lurking horror (Abyss:3)
  17 plants (D:10)
20 creatures vanquished.

Grand Total: 316 creatures vanquished

Notes
Turn   | Place    | Note
-------+----------+-------------------------------------------
     0 | D:1      | Azzok the Demonspawn Berserker began the quest for the Orb.
     0 | D:1      | Reached XP level 1. HP: 18/18 MP: 1/1
    23 | D:1      | Reached skill level 3 in Axes
   205 | D:1      | Gained mutation: You are partially covered in sharp spines.
                  | [demonic ancestry]
   205 | D:1      | Reached XP level 2. HP: 23/24 MP: 2/2
   642 | D:1      | Found a faded altar of an unknown god.
   707 | D:2      | Gained mutation: When seriously injured, your bleeding
                  | wounds create armour. (AC +9) [demonic ancestry]
   707 | D:2      | Reached XP level 3. HP: 28/29 MP: 3/3
   751 | D:2      | Reached ** piety under Trog
   752 | D:2      | Reached skill level 4 in Axes
  1096 | D:2      | Gained mutation: You have a pair of small antennae on your
                  | head. [demonic ancestry]
  1096 | D:2      | Reached XP level 4. HP: 25/35 MP: 4/4
  1280 | D:2      | Found a radiant altar of Vehumet.
  1484 | D:2      | Reached skill level 5 in Axes
  1968 | D:3      | Gained mutation: You have a pair of antennae on your head.
                  | [demonic ancestry]
  1968 | D:3      | Reached XP level 5. HP: 21/41 MP: 5/5
  2982 | D:4      | Found a staircase to the Ecumenical Temple.
  3513 | D:4      | You fall into a shaft and drop 3 floors!
  3514 | D:7      | Noticed a steam dragon
  3518 | D:7      | Reached skill level 6 in Axes
  3519 | D:7      | Reached *** piety under Trog
  3520 | D:7      | Gained mutation: Spells you cast may paralyse adjacent
                  | enemies. [demonic ancestry]
  3520 | D:7      | Reached XP level 6. HP: 47/47 MP: 6/6
  3521 | D:7      | Killed a steam dragon
  3615 | D:7      | Found the +3 pair of seven-league boots {Rampage+∞}
  3651 | D:7      | Noticed an ice beast
  3661 | D:7      | Killed an ice beast
  3662 | D:7      | Reached skill level 7 in Axes
  3762 | D:7      | Reached XP level 7. HP: 44/52 MP: 7/7
  3985 | D:7      | Reached skill level 8 in Axes
  4113 | D:7      | Noticed a wyvern
  4121 | D:7      | Killed a wyvern
  4122 | D:7      | Reached skill level 9 in Axes
  4122 | D:7      | Gained mutation: You are mostly covered in sharp spines.
                  | [demonic ancestry]
  4122 | D:7      | Reached XP level 8. HP: 33/58 MP: 8/8
  4133 | D:7      | Found a bloodstained altar of Trog.
  4566 | D:7      | Reached skill level 10 in Axes
  4750 | D:6      | Noticed Eustachio
  4764 | D:6      | Killed Eustachio
  4926 | D:6      | Reached **** piety under Trog
  4951 | D:6      | Found a stormy altar of Qazlal.
  4999 | D:6      | Found a blossoming altar of Fedhas.
  5413 | D:6      | Noticed a kobold demonologist
  5418 | D:6      | Reached skill level 11 in Axes
  5418 | D:6      | Gained mutation: You have a pair of large antennae on your
                  | head. (SInv) [demonic ancestry]
  5418 | D:6      | Reached XP level 9. HP: 63/63 MP: 9/9
  5433 | D:6      | Killed a kobold demonologist
  6173 | D:6      | Reached skill level 12 in Axes
  6535 | D:5      | Entered Level 5 of the Dungeon
  6535 | D:5      | Found a runed translucent gate.
  6535 | D:5      | Found a runed translucent gate.
  6535 | D:5      | Found a runed translucent gate.
  6545 | D:5      | Noticed senseless's ghost (novice GnCj)
  6971 | D:5      | Identified the amulet "Sanerul" {Spirit Str+3 Stlth+}
  7016 | D:5      | Found an iron altar of Okawaru.
  7174 | D:5      | Killed senseless's ghost
  7176 | D:5      | Reached skill level 13 in Axes
  7306 | D:4      | Gained mutation: Spells you cast may paralyse nearby
                  | enemies. [demonic ancestry]
  7306 | D:4      | Reached XP level 10. HP: 70/70 MP: 10/10
  7309 | D:4      | Reached ***** piety under Trog
  8038 | D:8      | Found a shimmering blue altar of Sif Muna.
  8645 | D:8      | Found a staircase to the Lair.
  9046 | D:8      | Reached skill level 14 in Axes
  9678 | D:9      | Found Jafrior's Antique Armour Shoppe.
  9981 | D:9      | Noticed Grum
  9989 | D:9      | Killed Grum
 10169 | D:9      | Reached skill level 15 in Axes
 10172 | D:9      | Gained mutation: When seriously injured, your bleeding
                  | wounds create thick armour. (AC +9) [demonic ancestry]
 10172 | D:9      | Reached XP level 11. HP: 63/75 MP: 9/11
 10172 | D:9      | Found a staircase to the Orcish Mines.
 10719 | D:10     | Entered Level 10 of the Dungeon
 10785 | D:10     | Found a sacrificial altar of Ru.
 10987 | D:10     | Found a snail-covered altar of Cheibriados.
 11244 | D:10     | You fall into a shaft and drop 2 floors!
 11260 | D:12     | Identified the +5 chain mail "Laob" {*Slow rC+ Int+4 Dex+2}
 11485 | D:11     | Reached skill level 16 in Axes
 11858 | D:10     | Noticed a two-headed ogre
 11885 | D:10     | Killed a two-headed ogre
 11930 | D:10     | Noticed an orc knight
 11934 | D:10     | Noticed a two-headed ogre
 11938 | D:10     | Killed an orc knight
 11961 | D:10     | Killed a two-headed ogre
 12203 | D:10     | Noticed a boulder beetle
 12235 | D:10     | Killed a boulder beetle
 12236 | D:10     | Reached skill level 17 in Axes
 12236 | D:10     | Gained mutation: Your maledictions are enhanced. [demonic
                  | ancestry]
 12236 | D:10     | Reached XP level 12. HP: 26/81 MP: 5/12
 12650 | D:10     | Cast into level 3 of the Abyss (a wizard)
 12673 | Abyss:3  | Noticed a cacodemon
 12695 | Abyss:3  | Killed a cacodemon
 12773 | Abyss:3  | HP: 5/121 [poisoned by a naga mage (splash of poison)]
 12774 | Abyss:3  | HP: 2/121 [poisoned by a naga mage (splash of poison)]
 12775 | Abyss:3  | Succumbed to a naga mage's splash of poison

Illustrated notes

Levels and vault maps discovered:
D:1:      onia_arrival_handbag, layout_basic,
          shapermc_ecumenical_altar_mp_vishouse
D:2:      layout_basic, basic_altar
D:3:      layout_basic, grunt_ministairs_8
D:4:      layout_basic, minmay_temple_entry_mini_moons,
          hangedman_feature_mirror, grunt_decor_mini_mirrors, solitary_fountain,
          minmay_statues_item, dk_noncrumbling_4, st_stairs_3
D:5:      layout_rooms, lemuel_round_altar, marbit_many_paths,
          gammafunk_ghost_necromancy
D:6:      black_bear_nest_2, layout_layer_cave,
          grunt_temple_overflow_forces_of_nature, roderic_serpentine_path,
          st_stairs_14, uniq_eustachio
D:7:      layout_basic, bloody_trog, minmay_mini_ossuary
D:8:      layout_rooms, lemuel_crystal_altar, erik_lair_island
D:9:      layout_stronghold, minmay_orc_entry_guard_dogs, serial_shops,
          nicolae_shop_window_shopping, minmay_fire_ice_demons, uniq_grum
D:10:     nzn_winding_woodlands_small [nzn_winding_woodlands_5x15_parted,
          nzn_winding_woodlands_center_pierced_h,
          nzn_winding_woodlands_5x15_pool], layout_loops_cross, slow_altar_2,
          nicolae_ru_great_annihilating_truth, chequers_big_river
D:11:     layout_layer_cave, minivault_23, bh_circular_ruins, uniq_urug
D:12:     layout_rooms
Abyss:3:  base: Temple, evilmike_abyss_exit_glass, lemuel_flamethrower_2,
          evilmike_nicolae_abyss_rune_betentacled_crabyss

Skill      XL: |  1  2  3  4  5  6  7  8  9 10 11 |
---------------+----------------------------------+-----
Axes           | 3 4 5 6 7 9 11 13 15 17 | 17.7
Fighting       | |  3.0
Armour         | |  1.7
Dodging        | |  1.7

Action                   |  1- 3 |  4- 6 |  7- 9 | 10-12 || total
-------------------------+-------+-------+-------+-------++-------
Melee: Hand axe          |    41 |    41 |       |       ||    82
       War axe           |       |    64 |   150 |       ||   214
       Broad axe         |       |       |    61 |   386 ||   447
Invok: Berserk           |     2 |     2 |     2 |    12 ||    18
       Trog's Hand       |       |       |       |     1 ||     1
  Use: Scroll            |       |       |       |    11 ||    11
       Potion            |       |       |       |     3 ||     3
 Stab: Paralysed         |       |       |       |     1 ||     1
Armor: Animal skin       |     6 |     1 |       |       ||     7
       Scale mail        |       |    33 |    75 |     1 ||   109
       Plate armour      |       |       |       |   238 ||   238
Dodge: Dodged            |    36 |    48 |    97 |   136 ||   317

Table legend: (Time is in decaauts)
 A = Elapsed time spent in this place.
 B = Non-inter-level travel time spent in this place.
 C = Inter-level travel time spent in this place.
 D = Time resting spent in this place.
 E = Time spent auto-exploring this place.
 F = Levels seen in this place.
 G = Mean time per level.
                   A        B        C        D        E       F      G
               +--------+--------+--------+--------+--------+-----+--------+
         Total |  12921 |  12481 |    440 |    807 |   9864 |  13 |  993.9 |
       Dungeon |  12791 |  12351 |    440 |    744 |   9854 |  12 | 1065.9 |
         Abyss |    130 |    130 |      0 |     63 |     10 |   1 |  130.0 |
               +--------+--------+--------+--------+--------+-----+--------+

Top non-repeatable levels by time:
     D:6: 2003 daAuts
    D:10: 1588 daAuts
     D:9: 1519 daAuts
     D:7: 1367 daAuts
     D:2: 1265 daAuts
     D:4: 1171 daAuts
     D:8: 1157 daAuts
     D:3: 1017 daAuts
     D:5: 735 daAuts
     D:1: 714 daAuts
    D:11: 154 daAuts
 Abyss:3: 130 daAuts
    D:12: 97 daAuts
